 Dungeon Crawl Stone Soup version 0.28.0-62-gf88900778d (webtiles) character file.

Game seed: 5743074392323552628

1503 cbfl8 the Chopper (level 8, 0/61 HPs)
             Began as a Minotaur Fighter on July 8, 2023.
             Was a Follower of Hepliaklqana.
             Succumbed to a scorpion's poison
             ... on level 5 of the Dungeon.
             The game lasted 00:05:30 (5964 turns).

cbfl8 the Chopper (Minotaur Fighter)                Turns: 5964, Time: 00:05:30

Health: 0/61       AC: 12    Str: 27    XL:     8   Next: 52%
Magic:  7/7        EV:  6    Int:  5    God:    Hepliaklqana [*.....]
Gold:   165        SH: 13    Dex: 12    Spells: 7/7 levels left

rFire   + . .      SeeInvis .   a - +0 war axe
rCold   . . .      Faith    .   d - +0 tower shield
rNeg    . . .      Spirit   .   l - +0 chain mail
rPois   .          Reflect  .   o - +0 hat
rElec   .          Harm     .   h - +0 cloak
rCorr   .          Rampage  .   (no gloves)
Will    .....                   m - +0 pair of boots
Stlth   ..........              (no amulet)
HPRegen 0.20/turn               j - ring of protection from fire
MPRegen 0.10/turn               k - +6 ring of strength

@: lethally poisoned (0 -> -4), attractive, flying
A: reduced essence, horns 2, retaliatory headbutt
a: Renounce Religion, Recall Ancestor, Ancestor Identity


You were on level 5 of the Dungeon.
You worshipped Hepliaklqana.
Hepliaklqana was aware of your devotion.
You visited 2 branches of the dungeon, and saw 7 of its levels.

You collected 165 gold pieces.

Inventory:

Hand Weapons
 a - a +0 war axe (weapon)
Armour
 d - a +0 tower shield (worn)
 h - a +0 cloak (worn)
 l - a +0 chain mail (worn)
 m - a +0 pair of boots (worn)
 o - a +0 hat (worn)
Jewellery
 j - a ring of protection from fire (left hand)
 k - a +6 ring of strength (right hand)
Wands
 c - a wand of flame (31) (quivered)
 p - a wand of digging (3)
Scrolls
 b - a scroll of identify
 e - 2 scrolls of noise
 g - 2 scrolls of teleportation
Potions
 i - a potion of attraction


   Skills:
 + Level 5.2 Fighting
 + Level 7.6 Axes
 + Level 6.5 Armour
 + Level 2.5 Dodging
 + Level 1.3 Stealth
 + Level 5.7 Shields
 * Level 4.0 Evocations


You had 7 spell levels left.
You didn't know any spells.
Your spell library contained the following spells:

 Spells                   Type           Power      Damage    Failure   Level
 Animate Skeleton         Necr           0%         N/A       100%        1
 Pain                     Necr           0%         1d4       100%        1
 Ensorcelled Hibernation  Hex/Ice        0%         N/A       100%        2
 Passwall                 Tmut/Erth      0%         N/A       100%        2
 Swiftness                Air            0%         N/A       100%        3
 Teleport Other           Tloc           0%         N/A       100%        3
 Agony                    Necr           0%         N/A       100%        5
 Excruciating Wounds      Necr           0%         N/A       100%        5
 Borgnjor's Revivificati  Necr           0%         N/A       100%        8


Dungeon Overview and Level Annotations

Branches:
Dungeon (6/15)             Temple (1/1) D:4

Altars:
Ashenzari
Cheibriados
Dithmenos
Elyvilon
Fedhas
Gozag
Hepliaklqana
Kikubaaqudgha
Makhleb
Okawaru
Qazlal
Ru
Sif Muna
Trog
Uskayaw
Vehumet
Wu Jian
Xom
Yredelemnul

Shops:
D:4 [

Annotations:
D:4 1 runed translucent door, Crazy Yiuf


Innate Abilities, Weirdness & Mutations

Your life essence is reduced to manifest your ancestor. (-10% HP)
You have a pair of horns on your head.
You reflexively headbutt those who attack you in melee.


Message History

You block the scorpion's attack.
Unknown command.
You hit the scorpion.
The scorpion is severely wounded.
You feel very sick. The scorpion stings you.
You are lethally poisoned!
The scorpion poisons you!
Hsekiu barely misses the scorpion.
You block the scorpion's attack.
You hit the scorpion but do no damage. You headbutt the scorpion.
You kill the scorpion!
* * * LOW HITPOINT WARNING * * *
You feel extremely sick.
It was a potion of attraction.
You feel attractive to monsters.
* * * LOW HITPOINT WARNING * * *
You feel very sick.
It was a potion of flight.
You feel very buoyant.
You fly up into the air.
* * * LOW HITPOINT WARNING * * *
You feel very sick.
Blink to where?
Press: ? - help, Dir - move target
As you read the scroll of blinking, it crumbles to dust.
* * * LOW HITPOINT WARNING * * *
You feel very sick.
* * * LOW HITPOINT WARNING * * *
You feel sick.
Okay, then.
Aiming: Throw Flame
Press: ? - help, Q - select action, (/) - cycle Shift-Dir - straight line, f - you That beam is likely to hit you.
Continue anyway?
Okay, then.
* * * LOW HITPOINT WARNING * * *
You feel sick.
* * * LOW HITPOINT WARNING * * *
You feel sick.
You are no longer corroded.
You die...

.##.....#......
.####.>.#.####### .#
###.#.#.....# .#
#.#.#.....# .# #.#.#.....#
$ ## #...#.....# .# #
#.....<..# ##. ## ######
##R#..)..#### #.##.##
.....#
#.###...@..#####.#.#.# #
###### #.#
####..........#..#.. #.#
#....R..#...#...# #.#
#.........#....#.. #.#
#.........)# ....# ###.#
#........)...#.... #...###
#.......#.......#.
###...###########..........
#.#.........# ####......


You could see the friendly Hsekiu the ancestor.

Vanquished Creatures
  Sigmund (D:4)
  Menkaure (D:4)
  An ice beast (D:5)
  An ogre (D:5)
  A phantom (D:5)
  3 scorpions
  A water moccasin zombie (D:5)
  A water moccasin skeleton (D:5)
  2 jellies (D:4)
  An orc priest (D:4)
  3 hounds (D:5)
  Natasha (thrice) (D:4)
  2 iguanas (D:5)
  2 orc wizards
  2 hound skeletons (D:4)
  5 gnolls
  7 adders
  An adder skeleton (D:4)
  4 worms
  10 orcs
  5 endoplasms
  3 giant cockroaches
  14 goblins
  6 hobgoblins
  2 jackals (D:1)
  5 quokkas
  5 ball pythons
  7 bats
  5 frilled lizards
  5 kobolds
  3 rats (D:1)
112 creatures vanquished.

Vanquished Creatures (collateral kills)
  An ice beast (D:5)
  A jelly (D:5)
2 creatures vanquished.

Vanquished Creatures (others)
  An ancestor (D:5)
1 creature vanquished.

Grand Total: 115 creatures vanquished

Notes
Turn   | Place    | Note
-------+----------+-------------------------------------------
     0 | D:1      | cbfl8 the Minotaur Fighter began the quest for the Orb.
     0 | D:1      | Reached XP level 1. HP: 19/19 MP: 0/0
   100 | D:1      | Reached XP level 2. HP: 25/27 MP: 1/1
   612 | D:2      | Reached XP level 3. HP: 8/33 MP: 2/2
   979 | D:2      | Reached skill level 1 in Evocations
  1160 | D:2      | Reached skill level 3 in Axes
  1508 | D:3      | Reached XP level 4. HP: 40/40 MP: 3/3
  1518 | D:3      | Reached skill level 1 in Dodging
  1541 | D:3      | Found a snail-covered altar of Cheibriados.
  1561 | D:3      | Found a shimmering altar of Xom.
  1603 | D:3      | Found a blossoming altar of Fedhas.
  2858 | D:4      | Noticed Sigmund
  2864 | D:4      | Killed Sigmund
  2865 | D:4      | Reached skill level 4 in Axes
  2865 | D:4      | Reached skill level 5 in Armour
  2865 | D:4      | Reached XP level 5. HP: 46/46 MP: 4/4
  2865 | D:4      | Reached XP level 6. HP: 52/52 MP: 5/5
  2895 | D:4      | Found a staircase to the Ecumenical Temple.
  2897 | D:4      | Reached skill level 1 in Stealth
  2932 | Temple   | Entered the Ecumenical Temple
  3178 | D:4      | Got Ascheiwe's Collected Works on Twisted Sinister Arts
  3309 | D:4      | Found an ancient bone altar of Kikubaaqudgha.
  3411 | D:4      | Noticed Menkaure
  3441 | Temple   | Became a worshipper of Hepliaklqana the Forgotten
  3461 | D:4      | Killed Menkaure
  3462 | D:4      | Reached skill level 5 in Axes
  3462 | D:4      | Reached XP level 7. HP: 29/60 MP: 6/6
  3632 | D:4      | Found Eqaekh's Antique Armour Shoppe.
  3636 | D:4      | Noticed Natasha
  3646 | D:4      | Killed Natasha
  3875 | D:4      | Found a runed translucent door.
  3876 | D:4      | Noticed Crazy Yiuf
  4205 | D:4      | Found an ancient bone altar of Kikubaaqudgha.
  4224 | D:4      | Found a staircase to the Ecumenical Temple.
  4246 | D:4      | Noticed Natasha
  4250 | D:4      | Killed Natasha
  4251 | D:4      | Reached skill level 6 in Axes
  4300 | D:4      | Found a runed translucent door.
  4388 | D:4      | Found Eqaekh's Antique Armour Shoppe.
  4670 | D:4      | Found a staircase to the Ecumenical Temple.
  4691 | D:4      | Noticed Natasha
  4696 | D:4      | Killed Natasha
  4700 | D:4      | Found Eqaekh's Antique Armour Shoppe.
  4750 | D:4      | Found an ancient bone altar of Kikubaaqudgha.
  5082 | D:5      | Entered Level 5 of the Dungeon
  5101 | D:5      | Reached skill level 5 in Shields
  5424 | D:6      | Reached XP level 8. HP: 44/67 MP: 7/7
  5711 | D:6      | Found a hide-covered altar of Uskayaw.
  5750 | D:5      | Found a radiant altar of Vehumet.
  5754 | D:5      | Reached * piety under Hepliaklqana
  5766 | D:5      | Reached skill level 5 in Fighting
  5947 | D:5      | Reached skill level 7 in Axes
  5961 | D:5      | HP: 3/61 [poisoned by a scorpion]
  5963 | D:5      | HP: 1/61 [poisoned by a scorpion]
  5964 | D:5      | Succumbed to a scorpion's poison

Illustrated notes

Levels and vault maps discovered:
D:1:      amcnicky_arrival_choice, layout_rooms, minmay_tromino_v2
D:2:      layout_basic, hangedman_decor_push
D:3:      layout_rooms, nicolae_overflow_crystal_walls,
          mainiacjoe_overflow_catwalk_spiral, due_unseen_surprise
D:4:      layout_cave_pools, kennysheep_mini, minmay_temple_entry_offerings,
          serial_shops, shop, uniq_menkaure, uniq_sigmund,
          uniq_crazy_yiuf_cottage, uniq_natasha
D:5:      layout_rooms, vehumet_altar_wand_db, nicolae_sextant,
          minmay_increasing_density
D:6:      layout_loops_cross, tso_metal_star,
          mainiacjoe_overflow_small_starburst, serial_shops,
          nicolae_lakefront_shop, nicolae_concentric_dashed_squares_mild
Temple:   nicolae_temple_figure_eight

Skill      XL: |  1  2  3  4  5  6  7  8 |
---------------+-------------------------+-----
Fighting       | 4 5 |  5.2
Shields        | 4 5 |  5.7
Armour         | 4 5 6 |  6.5
Evocations     | 1 2 3 4 |  4.0
Axes           | 3 4 5 6 7 |  7.6
Dodging        | 1 2 |  2.5
Stealth        | 1 |  1.3

Action                   |  1- 3 |  4- 6 |  7- 9 || total
-------------------------+-------+-------+-------++-------
Melee: War axe           |   100 |    84 |    98 ||   282
       Headbutt          |    14 |    11 |    22 ||    47
  Use: Scroll            |     2 |       |     3 ||     5
       Potion            |       |     1 |     2 ||     3
Armor: Scale mail        |    60 |    42 |    31 ||   133
       Chain mail        |       |       |    24 ||    24
Dodge: Dodged            |    61 |    44 |    19 ||   124
Block: Buckler           |    19 |    19 |       ||    38
       Tower shield      |       |    27 |    65 ||    92
